 Dungeon Crawl Stone Soup version 0.19-a0-1834-g6b7851e (webtiles) character file.

54 hurricos the Cutter (level 3, -14/18 HPs)
             Began as a Vine Stalker Gladiator on Oct 9, 2016.
             Demolished by Terence
             ... wielding a +3 hand axe of electrocution
              (18 damage)
             ... on level 2 of the Dungeon.
             The game lasted 00:00:59 (1150 turns).

hurricos the Cutter (Vine Stalker Gladiator)        Turns: 1150, Time: 00:01:00

Health: -14/18     AC:  6    Str: 17    XL:     3   Next: 91%
Magic:  0/4        EV: 12    Int:  8    God:
Gold:   71         SH:  0    Dex: 18    Spells: 0 memorised, 2 levels left

rFire  . . .     SeeInvis .     a - +0 rapier
rCold  . . .     Gourm    .     h - +0 ring mail
rNeg   . . .     Faith    .     (no shield)
rPois  .         Spirit   +     c - +0 helmet
rElec  .         Dismiss  .     (no cloak)
rCorr  .         Reflect  .     (no gloves)
MR     .....     Harm     .     (no boots)
Stlth  +.........               (no amulet)
                                (no ring)
                                m - +3 ring of dexterity

@: no status effects
A: fangs 2, magic shield, antimagic bite, no device heal 3, rot immunity
a: no special abilities


You were on level 2 of the Dungeon.
You were not hungry.

You visited 1 branch of the dungeon, and saw 2 of its levels.

You collected 71 gold pieces.

Inventory:

Hand Weapons
 a - a +0 rapier (weapon)
Missiles
 d - 2 throwing nets (quivered)
Armour
 b - a +0 leather armour
 c - a +0 helmet (worn)
 h - a +0 ring mail (worn)
Jewellery
 m - a +3 ring of dexterity (left hand)
Scrolls
 e - 2 scrolls of remove curse {unknown}
 g - a scroll of blinking {unknown}
 l - a scroll of enchant armour {unknown}
Potions
 i - a potion of might {unknown}
 j - a potion of heal wounds {unknown}
 k - a potion of flight {unknown}
Comestibles
 f - 2 bread rations


   Skills:
 - Level 1.7 Fighting
 + Level 4.2 Short Blades
 - Level 1.7 Throwing
 - Level 2.4 Dodging


You had 2 spell levels left.
You didn't know any spells.

Dungeon Overview and Level Annotations

Branches:
Dungeon (2/15)

Altars:

Annotations:
D:2 Robin, Terence


Innate Abilities, Weirdness & Mutations

You have extremely sharp teeth.
When hurt, damage is shared between your health and your magic reserves.
Your bite disrupts and absorbs the magic of your enemies.
Potions and wands cannot restore your health.
You are immune to rotting.


Message History

You throw a throwing net. The throwing net hits Terence.
Terence is caught in the net!
Terence struggles against the net.
You hit Terence but do no damage.
Terence struggles against the net.
You hit Terence but do no damage. You bite Terence, but do no damage.
Terence struggles against the net.
You hit Terence.
Terence is lightly wounded.
Terence struggles against the net.
You hit Terence but do no damage. You bite Terence, but do no damage.
Terence is lightly wounded.
Terence struggles against the net.
The net rips apart, and Terence comes free!
You hit Terence.
Terence is lightly wounded.
Terence says, "Rest in peace."
Terence hits you with a hand axe of electrocution!
* * * LOW HITPOINT WARNING * * *
You are electrocuted!
Ouch! That really hurt!
You die...

.#
##########'##
.#
#...........#
.#
#...........#
##
#...........#
#...........#
#..........(#
.......g##'##
#######@##.#
#@##.# #.##.#
#.##.#
#####'##.#
#........#
#........#
#........#
###....#.#
+....#.#


You could see Terence and a goblin.

Vanquished Creatures
  2 oozes (D:2)
  A leopard gecko (D:1)
  2 ball pythons (D:2)
  9 goblins
  4 hobgoblins
  7 jackals
  3 kobolds
  4 bats
  3 frilled lizards
  3 rats
38 creatures vanquished.

Notes
Turn   | Place    | Note
-------+----------+-------------------------------------------
     0 | D:1      | hurricos the Vine Stalker Gladiator began the quest for the Orb.
     0 | D:1      | Reached XP level 1. HP: 11/11 MP: 2/2
    50 | D:1      | Reached skill level 3 in Short Blades
    55 | D:1      | Reached XP level 2. HP: 7/15 MP: 3/3
   761 | D:2      | Reached XP level 3. HP: 18/18 MP: 4/4
  1013 | D:2      | Reached skill level 4 in Short Blades
  1108 | D:2      | Noticed Robin
  1122 | D:2      | Noticed Terence
  1150 | D:2      | Demolished by Terence

Vault maps used:
D:1:      dpeg_arrival_line_fractal, minmay_hexomino_p4
D:2:      first_bread, uniq_robin, uniq_terence

Skill      XL: |  1  2  3 |
---------------+----------+-----
Short Blades   | 3 4 |  4.2
Fighting       | |  1.7
Throwing       | |  1.7
Dodging        | |  2.4

Action                   || total
-------------------------++-------
Melee: Rapier            ||   103
       Bite              ||    21
Throw: Throwing net      ||     1
 Stab: Sleeping          ||     1
  Eat: Bread ration      ||     1
Armor: Leather armour    ||    16
       Ring mail         ||    20
Dodge: Dodged            ||    74
